| TOP OF THE 1ST |
|
Bowling Green Hot Rods batting - Pitching for West Michigan Whitecaps : RHP Adam Oyler
|
|
Pitching: RHP Adam Oyler
|
|
|
Batting: LHB Sean Banks
|
0-0: Called Strike 0-1: Ground out U3 (Groundball, 34, EV 80.6 MPH)
|
|
Batting: SHB Luis Verduzco
|
0-0: Foul Ball, location: 2F 0-1: Ball 1-1: Foul Ball, location: 2F 1-2: Strikes out swinging
|
|
Batting: LHB Rocky Crowley
|
0-0: Foul Ball, location: 2F 0-1: Called Strike 0-2: Ball 1-2: Strikes out swinging
|
| Top of the 1st over - 0 runs, 0 hits, 0 errors, 0 left on base; Bowling Green 0 - West Michigan 0 |
| BOTTOM OF THE 1ST |
|
West Michigan Whitecaps batting - Pitching for Bowling Green Hot Rods : RHP Quincy Bowen
|
|
Pitching: RHP Quincy Bowen
|
|
|
Batting: LHB Timotheus Young
|
0-0: Called Strike 0-1: Called Strike 0-2: Ball 1-2: Ball 2-2: Strikes out looking
|
|
Batting: SHB Ian Arlotta
|
0-0: Called Strike 0-1: Ground out 5-3 (Groundball, 25, EV 77.5 MPH)
|
|
Batting: RHB Eric Angelle
|
0-0: Ball 1-0: SINGLE (Flyball, 8LS, EV 95.6 MPH)
|
|
Batting: LHB George Moran
|
0-0: Ball 1-0: Fly out, F7 (Line Drive, 78M, EV 90.0 MPH)
|
| Bottom of the 1st over - 0 runs, 1 hit, 0 errors, 1 left on base; Bowling Green 0 - West Michigan 0 |
| TOP OF THE 2ND |
|
Bowling Green Hot Rods batting - Pitching for West Michigan Whitecaps : RHP Adam Oyler
|
|
Batting: RHB Dermott Kennelly
|
0-0: Called Strike 0-1: Ball 1-1: Swinging Strike 1-2: Ball 2-2: Ground out 3-1 (Groundball, 34S, EV 68.8 MPH)
|
|
Batting: RHB John Downing
|
0-0: Reached on error, E4 (Groundball, 4, EV 102.5 MPH)
|
|
Batting: RHB Tim Dower
|
0-0: Foul Ball, location: 2F 0-1: Ball 1-1: Ball 2-1: Fly out, F8 (Flyball, 8LD, EV 98.1 MPH)
|
|
Batting: RHB Jim Erdody
|
0-0: Called Strike 0-1: Called Strike 0-2: Ball 1-2: Ball 2-2: DOUBLE (Groundball, 5L, EV 105.6 MPH) John Downing to third Runner from 3rd tries for Home, SAFE, throw by LF to trailing runner, OUT at third! 7-3-5
|
| Top of the 2nd over - 1 run, 1 hit, 1 error, 0 left on base; Bowling Green 1 - West Michigan 0 |
| BOTTOM OF THE 2ND |
|
West Michigan Whitecaps batting - Pitching for Bowling Green Hot Rods : RHP Quincy Bowen
|
|
Batting: RHB Aaron Cusick
|
0-0: Swinging Strike 0-1: Called Strike 0-2: Fly out, F8 (Flyball, 8LM, EV 91.9 MPH)
|
|
Batting: RHB Kevin Steed
|
0-0: Fly out, F9 (Flyball, 89M, EV 86.9 MPH)
|
|
Batting: RHB Juan Acero
|
0-0: Called Strike 0-1: Ball 1-1: Ball 2-1: Ground out 6-3 (Groundball, 56D, EV 87.5 MPH)
|
| Bottom of the 2nd over - 0 runs, 0 hits, 0 errors, 0 left on base; Bowling Green 1 - West Michigan 0 |
| TOP OF THE 3RD |
|
Bowling Green Hot Rods batting - Pitching for West Michigan Whitecaps : RHP Adam Oyler
|
|
Batting: LHB Eduardo Lopez
|
0-0: Fly out, F7 (Flyball, 78D, EV 86.2 MPH)
|
|
Batting: RHB Dave Valdez
|
0-0: Called Strike 0-1: Ball 1-1: Ball 2-1: SINGLE (Groundball, 6M, EV 84.4 MPH) (infield hit)
|
|
Batting: LHB Sean Banks
|
0-0: Called Strike 0-1: Hit by Pitch Dave Valdez to second
|
|
Batting: SHB Luis Verduzco
|
0-0: SINGLE (Groundball, 34D, EV 101.9 MPH) Dave Valdez to third Sean Banks to second
|
|
Batting: LHB Rocky Crowley
|
0-0: Ball 1-0: Foul Ball, location: 2F 1-1: Swinging Strike 1-2: Ball 2-2: Strikes out swinging
|
|
Batting: RHB Dermott Kennelly
|
0-0: Fly out, F7 (Flyball, 7LS, EV 77.5 MPH)
|
| Top of the 3rd over - 0 runs, 2 hits, 0 errors, 3 left on base; Bowling Green 1 - West Michigan 0 |
| BOTTOM OF THE 3RD |
|
West Michigan Whitecaps batting - Pitching for Bowling Green Hot Rods : RHP Quincy Bowen
|
|
Batting: RHB Jeremiah Washington
|
0-0: SINGLE (Groundball, 6MD, EV 95.6 MPH)
|
|
Batting: RHB Jordan Hall
|
0-0: Called Strike 0-1: Ball 1-1: Ball 2-1: Ball 3-1: Foul Ball, location: 2F 3-2: Strikes out looking
|
|
Batting: LHB Timotheus Young
|
0-0: Ball 1-0: Foul Ball, location: 2F 1-1: Ball 2-1: Foul Ball, location: 2F 2-2: Grounds into double play, 6-4-3 (Groundball, 6, EV 91.2 MPH)
|
| Bottom of the 3rd over - 0 runs, 1 hit, 0 errors, 0 left on base; Bowling Green 1 - West Michigan 0 |
| TOP OF THE 4TH |
|
Bowling Green Hot Rods batting - Pitching for West Michigan Whitecaps : RHP Adam Oyler
|
|
Batting: RHB John Downing
|
0-0: Swinging Strike 0-1: Ball 1-1: Ground out 5-3 (Groundball, 56, EV 95.0 MPH)
|
|
Batting: RHB Tim Dower
|
0-0: Foul Ball, location: 2F 0-1: Ball 1-1: Ball 2-1: Ball 3-1: Called Strike 3-2: Base on Balls
|
|
Batting: RHB Jim Erdody
|
0-0: Ball 1-0: Called Strike 1-1: Foul Ball, location: 2F 1-2: Strikes out swinging
|
|
Batting: LHB Eduardo Lopez
|
0-0: Foul Ball, location: 2F 0-1: Ball 1-1: Ball 2-1: Foul Ball, location: 2F 2-2: Ball 3-2: Strikes out swinging
|
| Top of the 4th over - 0 runs, 0 hits, 0 errors, 1 left on base; Bowling Green 1 - West Michigan 0 |
| BOTTOM OF THE 4TH |
|
West Michigan Whitecaps batting - Pitching for Bowling Green Hot Rods : RHP Quincy Bowen
|
|
Batting: SHB Ian Arlotta
|
0-0: Ball 1-0: Called Strike 1-1: Ball 2-1: Called Strike 2-2: Ball 3-2: Strikes out swinging
|
|
Batting: RHB Eric Angelle
|
0-0: Ball 1-0: Called Strike 1-1: Ball 2-1: Ball 3-1: Swinging Strike 3-2: Ground out 6-3 (Groundball, 6, EV 101.2 MPH)
|
|
Batting: LHB George Moran
|
0-0: Fly out, F7 (Flyball, 78S, EV 83.8 MPH)
|
| Bottom of the 4th over - 0 runs, 0 hits, 0 errors, 0 left on base; Bowling Green 1 - West Michigan 0 |
| TOP OF THE 5TH |
|
Bowling Green Hot Rods batting - Pitching for West Michigan Whitecaps : RHP Adam Oyler
|
|
Batting: RHB Dave Valdez
|
0-0: Ball 1-0: Ball 2-0: Swinging Strike 2-1: SOLO HOME RUN (Flyball, 7D, EV 101.9 MPH), Distance : 377 ft
|
|
Batting: LHB Sean Banks
|
0-0: Ball 1-0: Foul Ball, location: 2F 1-1: Foul Ball, location: 2F 1-2: SINGLE (Groundball, 4MS, EV 84.4 MPH) (infield hit)
|
|
Batting: SHB Luis Verduzco
|
0-0: Called Strike 0-1: Ball 1-1: DOUBLE (Groundball, 3L, EV 96.9 MPH) Sean Banks to third
|
|
Batting: LHB Rocky Crowley
|
0-0: Ball 1-0: Foul Ball, location: 2F 1-1: Foul Ball, location: 2F 1-2: Fly out, F9 (Flyball, 9D, EV 103.1 MPH) Runner from 3rd tags up, SCORES, no throw by RF
|
|
Batting: RHB Dermott Kennelly
|
0-0: Ball 1-0: Called Strike Luis Verduzco steals 3rd base 1-1: Foul Ball, location: 2F 1-2: Foul Ball, location: 2F 1-2: Ball 2-2: Ball 3-2: Ground out U3 (Groundball, 3, EV 81.2 MPH)
|
|
Batting: RHB John Downing
|
0-0: Called Strike 0-1: Called Strike 0-2: SINGLE (Line Drive, 4D, EV 107.5 MPH) Luis Verduzco scores
|
|
Batting: RHB Tim Dower
|
0-0: Called Strike 0-1: Ball 1-1: Foul Ball, location: 2F 1-2: Ground out 2-3 (Groundball, 2R, EV 65.0 MPH)
|
| Top of the 5th over - 3 runs, 4 hits, 0 errors, 1 left on base; Bowling Green 4 - West Michigan 0 |
| BOTTOM OF THE 5TH |
|
West Michigan Whitecaps batting - Pitching for Bowling Green Hot Rods : RHP Quincy Bowen
|
|
Batting: RHB Aaron Cusick
|
0-0: Ball 1-0: Ground out 6-3 (Groundball, 6M, EV 86.2 MPH)
|
|
Batting: RHB Kevin Steed
|
0-0: Called Strike 0-1: Swinging Strike 0-2: Ball 1-2: SINGLE (Groundball, 34D, EV 103.1 MPH)
|
|
Batting: RHB Juan Acero
|
0-0: Called Strike 0-1: Ball 1-1: Grounds into double play, 6-4-3 (Groundball, 6M, EV 90.6 MPH)
|
| Bottom of the 5th over - 0 runs, 1 hit, 0 errors, 0 left on base; Bowling Green 4 - West Michigan 0 |
| TOP OF THE 6TH |
|
Bowling Green Hot Rods batting - Pitching for West Michigan Whitecaps : RHP Adam Oyler
|
|
Batting: RHB Jim Erdody
|
0-0: DOUBLE (Groundball, 5L, EV 103.8 MPH)
|
|
Batting: LHB Eduardo Lopez
|
0-0: Ball 1-0: Swinging Strike Passed Ball! Jim Erdody to third 1-1: Swinging Strike 1-2: Foul Ball, location: 2F 1-2: Ball 2-2: Strikes out swinging
|
|
Pitching: RHP T.J. McCullough
|
|
|
Batting: RHB Dave Valdez
|
0-0: Called Strike 0-1: Fly out, F8 (Flyball, 8LM, EV 93.1 MPH)
|
|
Batting: LHB Sean Banks
|
0-0: Ball 1-0: SINGLE (Groundball, 25, EV 69.4 MPH) (infield hit) Jim Erdody scores
|
|
Batting: SHB Luis Verduzco
|
0-0: Ball 1-0: Ball 2-0: Swinging Strike 2-1: Foul Ball, location: 2F 2-2: 2-RUN HOME RUN (Flyball, 9D, EV 95.0 MPH), Distance : 372 ft
|
|
Batting: LHB Rocky Crowley
|
0-0: Ball 1-0: SINGLE (Line Drive, 8RS, EV 94.4 MPH)
|
|
Batting: RHB Dermott Kennelly
|
0-0: Foul Ball, location: 2F 0-1: Fielders Choice at 2nd, 6-4 (Groundball, 6, EV 99.4 MPH)
|
| Top of the 6th over - 3 runs, 4 hits, 0 errors, 1 left on base; Bowling Green 7 - West Michigan 0 |
| BOTTOM OF THE 6TH |
|
West Michigan Whitecaps batting - Pitching for Bowling Green Hot Rods : RHP Quincy Bowen
|
|
Batting: RHB Jeremiah Washington
|
0-0: Called Strike 0-1: Ball 1-1: Ball 2-1: SINGLE (Groundball, 5S, EV 61.2 MPH) (infield hit)
|
|
Batting: RHB Jordan Hall
|
0-0: Ball 1-0: Ball 2-0: Swinging Strike 2-1: Foul Ball, location: 2F 2-2: Fly out, F9 (Line Drive, 89M, EV 85.6 MPH)
|
|
Batting: LHB Timotheus Young
|
0-0: Ball 1-0: Called Strike 1-1: Ball 2-1: Foul Ball, location: 2F 2-2: Ball 3-2: Fly out, F8 (Flyball, 8RM, EV 87.5 MPH)
|
|
Batting: SHB Ian Arlotta
|
0-0: Foul Ball, location: 2F 0-1: Ground out 4-3 (Groundball, 4, EV 88.1 MPH)
|
| Bottom of the 6th over - 0 runs, 1 hit, 0 errors, 1 left on base; Bowling Green 7 - West Michigan 0 |
| TOP OF THE 7TH |
|
Bowling Green Hot Rods batting - Pitching for West Michigan Whitecaps : RHP T.J. McCullough
|
|
Pinch Hitting: RHB Mark Richert
|
0-0: Ball 1-0: Ball 2-0: Ground out 5-3 (Groundball, 5S, EV 64.4 MPH)
|
|
Batting: RHB Tim Dower
|
0-0: Called Strike 0-1: Fly out, F8 (Flyball, 8LM, EV 98.1 MPH)
|
|
Batting: RHB Jim Erdody
|
0-0: Called Strike 0-1: Swinging Strike 0-2: Ground out 5-3 (Groundball, 56, EV 90.0 MPH)
|
| Top of the 7th over - 0 runs, 0 hits, 0 errors, 0 left on base; Bowling Green 7 - West Michigan 0 |
| BOTTOM OF THE 7TH |
|
West Michigan Whitecaps batting - Pitching for Bowling Green Hot Rods : RHP Quincy Bowen
|
|
Now at SS: Mark Richert
|
|
|
Batting: RHB Eric Angelle
|
0-0: Called Strike 0-1: Ball 1-1: Fly out, F8 (Line Drive, 8LD, EV 106.2 MPH)
|
|
Pinch Hitting: RHB Scott Carr
|
0-0: Ball 1-0: Foul Ball, location: 2F 1-1: Ball 2-1: Swinging Strike 2-2: Ground out 5-3 (Groundball, 5, EV 110.6 MPH)
|
|
Batting: RHB Aaron Cusick
|
0-0: Called Strike 0-1: Called Strike 0-2: Ball 1-2: Fly out, F9 (Line Drive, 89D, EV 91.2 MPH)
|
| Bottom of the 7th over - 0 runs, 0 hits, 0 errors, 0 left on base; Bowling Green 7 - West Michigan 0 |
| TOP OF THE 8TH |
|
Bowling Green Hot Rods batting - Pitching for West Michigan Whitecaps : RHP T.J. McCullough
|
|
Now in LF: Scott Carr
|
|
|
Batting: LHB Eduardo Lopez
|
0-0: Ball 1-0: Ground out 3-1 (Groundball, 34, EV 98.8 MPH)
|
|
Batting: RHB Dave Valdez
|
0-0: Called Strike 0-1: Ground out 6-3 (Groundball, 6MD, EV 86.2 MPH)
|
|
Batting: LHB Sean Banks
|
0-0: Fly out, F8 (Flyball, 8LM, EV 81.9 MPH)
|
| Top of the 8th over - 0 runs, 0 hits, 0 errors, 0 left on base; Bowling Green 7 - West Michigan 0 |
| BOTTOM OF THE 8TH |
|
West Michigan Whitecaps batting - Pitching for Bowling Green Hot Rods : RHP Quincy Bowen
|
|
Batting: RHB Kevin Steed
|
0-0: Ball 1-0: Ball 2-0: Ball 3-0: Foul Ball, location: 2F 3-1: Base on Balls
|
|
Batting: RHB Juan Acero
|
0-0: Ball Wild Pitch! Kevin Steed to second 1-0: Ball 2-0: Ball 3-0: Called Strike 3-1: Base on Balls
|
|
Pinch Hitting: SHB Ryohei Nakano
|
0-0: Ball 1-0: Ball 2-0: Ball 3-0: Called Strike 3-1: Foul Ball, location: 2F 3-2: Strikes out swinging
|
|
Batting: RHB Jordan Hall
|
0-0: Ball 1-0: Ball 2-0: Called Strike 2-1: Fielders Choice at 2nd, 3-6 (Groundball, 3, EV 84.4 MPH) Kevin Steed to third
|
|
Batting: LHB Timotheus Young
|
0-0: Called Strike 0-1: Ball 1-1: Ball 2-1: Swinging Strike 2-2: Ball 3-2: Strikes out swinging
|
| Bottom of the 8th over - 0 runs, 0 hits, 0 errors, 2 left on base; Bowling Green 7 - West Michigan 0 |
| TOP OF THE 9TH |
|
Bowling Green Hot Rods batting - Pitching for West Michigan Whitecaps : RHP T.J. McCullough
|
|
Now at 2B: Ryohei Nakano
|
|
|
Batting: SHB Luis Verduzco
|
0-0: DOUBLE (Groundball, 3L, EV 105.6 MPH)
|
|
Batting: LHB Rocky Crowley
|
0-0: Called Strike 0-1: Ball 1-1: Ball 2-1: Swinging Strike 2-2: Foul Ball, location: 2F 2-2: Foul Ball, location: 2F 2-2: Ground out U3 (Groundball, 3L, EV 76.9 MPH) Luis Verduzco to third
|
|
Pitching: RHP Juan Murillo
|
|
|
Batting: RHB Dermott Kennelly
|
0-0: Ball 1-0: Fly out, F2 (Popup, 3SF, EV 76.2 MPH)
|
|
Batting: RHB Mark Richert
|
0-0: Ball 1-0: Ball 2-0: Ball 3-0: Base on Balls
|
|
Batting: RHB Tim Dower
|
0-0: Reached on error, E4 (Groundball, 4, EV 84.4 MPH) Luis Verduzco scores Mark Richert to second
|
|
Batting: RHB Jim Erdody
|
0-0: Called Strike 0-1: Ground out 5-3 (Groundball, 56S, EV 70.0 MPH)
|
| Top of the 9th over - 1 run, 1 hit, 1 error, 2 left on base; Bowling Green 8 - West Michigan 0 |
| BOTTOM OF THE 9TH |
|
West Michigan Whitecaps batting - Pitching for Bowling Green Hot Rods : RHP Quincy Bowen
|
|
Pitching: RHP J.P. Tesauro
|
|
|
Pinch Hitting: RHB Zack DiCicco
|
0-0: TRIPLE (Line Drive, 78XD, EV 100.0 MPH)
|
|
Batting: RHB Eric Angelle
|
0-0: Ball 1-0: Called Strike 1-1: Foul Ball, location: 2F 1-2: Ball 2-2: Strikes out swinging
|
|
Pinch Hitting: LHB Brad Gaskill
|
0-0: Ball 1-0: Ball 2-0: Called Strike 2-1: Ball 3-1: Foul Ball, location: 2F 3-2: Foul Ball, location: 2F 3-2: Foul Ball, location: 2F 3-2: Strikes out swinging
|
|
Pinch Hitting: RHB Joe Zimmerman
|
0-0: Ball 1-0: Called Strike 1-1: Ball 2-1: 2-RUN HOME RUN (Flyball, 78XD, EV 108.8 MPH), Distance : 415 ft
|
|
Batting: RHB Kevin Steed
|
0-0: Ball 1-0: Called Strike 1-1: Ground out 6-3 (Groundball, 6M, EV 110.0 MPH)
|
| Bottom of the 9th over - 2 runs, 2 hits, 0 errors, 0 left on base; Bowling Green 8 - West Michigan 2 |
|